 Dungeon Crawl Stone Soup version 0.31.0-1-g2c135a008e (webtiles) character file.

Game seed: 11256705969611211285

2602 Peloso the Carver (level 9, 0/78 HPs)
             Began as a Minotaur Fighter on Jan 20, 2024.
             Slain by an ice beast (8 damage)
             ... on level 7 of the Dungeon.
             The game lasted 00:13:19 (6876 turns).

Peloso the Carver (Minotaur Fighter)                Turns: 6876, Time: 00:13:20

Health: 0/78       AC: 17    Str: 23    XL:     9   Next: 33%
Magic:  8/8        EV: 11    Int:  5    God:
Gold:   400        SH:  5    Dex: 15    Spells: 8/8 levels left

rFire   . . .        a - +4 long sword
rCold   . . .        d - +0 buckler
rNeg    + . .        c - +6 scale mail "Gaastiuts" {rN+ Str+3}
rPois   .            (helmet restricted)
rElec   .            (no cloak)
rCorr   +            z - +2 pair of gloves
SInv    .            (no boots)
Will    .....        f - amulet of the acrobat Stlth
                     p - ring of resist corrosion
HPRegen 0.33/turn    (no ring)
MPRegen 0.11/turn

%: acrobat
@: no status effects
A: horns 2, retaliatory headbutt
a: no special abilities


You were on level 7 of the Dungeon.
You visited 2 branches of the dungeon, and saw 8 of its levels.

You collected 400 gold pieces.

Inventory:

Hand Weapons
 a - a +4 long sword (weapon)
Missiles
 y - a throwing net (quivered)
Armour
 b - a +0 scale mail
 c - the +6 scale mail "Gaastiuts" (worn) {rN+ Str+3}
   (You took it off an orc on level 5 of the Dungeon)

   Str+3:     It affects your strength (+3).
   rN+:       It protects you from negative energy.
 d - a +0 buckler (worn)
 z - a +2 pair of gloves (worn)
Jewellery
 f - an amulet of the acrobat (around neck)
 p - a ring of resist corrosion (left hand)
Wands
 j - a wand of flame (31)
 k - a wand of mindburst (17)
 t - a wand of roots (6)
Scrolls
 g - 2 scrolls of teleportation
 h - 2 scrolls of vulnerability {unknown}
 i - a scroll of revelation {unknown}
 q - 2 scrolls of amnesia
 r - a scroll of enchant weapon {unknown}
 s - 2 scrolls of blinking {unknown}
 v - a scroll of fear {unknown}
 w - a scroll of enchant armour {unknown}
 x - a scroll of fog {unknown}
Potions
 e - 3 potions of curing
 l - a potion of berserk rage
 m - 2 potions of heal wounds
 n - a potion of brilliance
 o - 4 potions of might
 u - a potion of haste
 A - a potion of cancellation
 B - 2 potions of attraction
 C - a potion of degeneration {unknown}


   Skills:
 + Level 6.7 Fighting
 + Level 10.1 Long Blades
 + Level 8.3 Armour
 + Level 3.5 Dodging
 + Level 1.3 Stealth
 + Level 6.0 Shields
 + Level 1.0 Evocations


You had 8 spell levels left.
You didn't know any spells.
Your spell library contained the following spells:

 Spells                   Type           Power      Damage    Failure   Level
 Magic Dart               Conj           0%         1d3       80%         1
 Blink                    Tloc           0%         N/A       91%         2
 Call Imp                 Summ           0%         N/A       91%         2
 Ensorcelled Hibernation  Hex/Ice        0%         N/A       91%         2
 Lesser Beckoning         Tloc           0%         N/A       91%         2
 Momentum Strike          Conj/Tloc      0%         3d8       91%         2
 Fugue of the Fallen      Necr           0%         N/A       99%         3
 Anguish                  Hex/Necr       0%         N/A       100%        4
 Malign Gateway           Summ/Tloc      0%         N/A       100%        7
 Summon Horrible Things   Summ           0%         N/A       100%        8


Dungeon Overview and Level Annotations

Branches:
Dungeon (7/15)             Temple (1/1) D:7

Altars:
Ashenzari
Cheibriados
Dithmenos
Elyvilon
Fedhas
Gozag
Hepliaklqana
Kikubaaqudgha
Makhleb
Nemelex Xobeh
Qazlal
Ru
Sif Muna
Trog
Vehumet
Wu Jian
Yredelemnul
Zin

Annotations:
D:3 Dig


Innate Abilities, Weirdness & Mutations

You have a pair of horns on your head.
You reflexively headbutt those who attack you in melee.


Message History

You closely miss the steam dragon. You headbutt the steam dragon.
The steam dragon is severely wounded.
You are engulfed in a cloud of scalding steam.
The ogre is engulfed in a cloud of scalding steam.
The steam dragon bites you but does no damage.
The steam dragon closely misses you.
You barely miss the steam dragon.
The steam dragon is severely wounded.
You are engulfed in a cloud of scalding steam.
The steam dragon bites you!
The steam dragon claws you but does no damage.
You slash the steam dragon!
You kill the steam dragon!
Your life force feels restored.
Your Long Blades skill increases to level 10!
You hit the ogre. You headbutt the ogre.
The ogre is moderately wounded.
You slash the ogre! You headbutt the ogre!
The ogre is almost dead.
The ogre misses you. You furiously retaliate!
You headbutt the ogre!
You kill the ogre!
Your Shields skill increases to level 6!
The ice beast hits you. The ice beast freezes you!
Things that are here:
a +0 giant spiked club; an ogre corpse You hit the ice beast.
The ice beast is lightly wounded.
The ice beast barely misses you.
You hit the ice beast.
The ice beast is moderately wounded.
The ice beast hits you.
* * * LOW HITPOINT WARNING * * *
The ice beast freezes you!
* * * LOW HITPOINT WARNING * * *
You completely miss the ice beast.
The ice beast is moderately wounded.
The ice beast hits you.
* * * LOW HITPOINT WARNING * * *
The ice beast freezes you!
You die...

#.###.# .#.# .... ..#...#
.#.# ##O# ###.# .#.####..#
#..####.#.##...##
##.#)....#.##.###
#..#.....#...D#
..##.....####.#
######.######.############
# #.))..[....Y@........# #
#.........##########.# ...
#...######≈≈≈. ....#...#
....≈ ....#...# ..≈≈..
#####...# .≈.... #...#
..≈≈.. ##### ....≈≈


You could see an ice beast.

Vanquished Creatures
  Grinder (D:3)
  2 steam dragons
  A water moccasin (D:6)
  An ice beast (D:7)
  2 black bears
  2 ogres
  A kobold brigand (D:5)
  A bullfrog (D:6)
  A scorpion (D:6)
  5 wights (D:7)
  3 howler monkeys
  2 bombardier beetles (D:5)
  5 hounds
  A jelly (D:7)
  A gnoll bouda (D:6)
  2 orc priests
  3 iron imps (D:4)
  An iguana (D:7)
  9 orc wizards
  11 gnolls
  6 adders
  A white imp (D:7)
  2 ufetubi (D:6)
  A dart slug (D:3)
  2 ribbon worms (D:2)
  21 orcs
  9 ball pythons
  10 endoplasms
  4 giant cockroaches
  2 goblins
  9 hobgoblins
  8 jackals
  18 kobolds
  4 quokkas
  6 bats
  5 frilled lizards
  2 rats (D:2)
165 creatures vanquished.

Vanquished Creatures (others)
  A water moccasin (D:6)
1 creature vanquished.

Grand Total: 166 creatures vanquished

Notes
Turn   | Place    | Note
-------+----------+-------------------------------------------
     0 | D:1      | Peloso the Minotaur Fighter began the quest for the Orb.
     0 | D:1      | Reached XP level 1. HP: 19/19 MP: 0/0
    55 | D:1      | Found a faded altar of an unknown god.
   179 | D:1      | Reached XP level 2. HP: 27/27 MP: 1/1
   905 | D:2      | Reached XP level 3. HP: 32/33 MP: 2/2
  1435 | D:2      | Reached skill level 3 in Long Blades
  1758 | D:2      | Reached XP level 4. HP: 27/40 MP: 3/3
  2056 | D:3      | Reached skill level 1 in Dodging
  2211 | D:3      | Noticed Grinder
  2223 | D:3      | Paralysed by Grinder for 2 turns
  2228 | D:3      | Killed Grinder
  2229 | D:3      | Reached skill level 4 in Long Blades
  2229 | D:3      | Reached skill level 5 in Armour
  2229 | D:3      | Reached XP level 5. HP: 7/47 MP: 4/4
  2229 | D:3      | Reached XP level 6. HP: 8/53 MP: 5/5
  2429 | D:3      | Reached skill level 5 in Long Blades
  2576 | D:3      | Found an ornate altar of the Wu Jian Council.
  3135 | D:4      | Found a broken altar of Ashenzari.
  3140 | D:4      | Saw a vision of the Swamp and the Snake Pit.
  3140 | D:4      | Noticed a bunyip
  3140 | D:4      | Noticed a spriggan rider
  3140 | D:4      | Noticed a swamp dragon
  3140 | D:4      | Noticed a naga ritualist
  3140 | D:4      | Noticed a naga mage
  3140 | D:4      | Noticed a naga sharpshooter
  3140 | D:4      | Noticed a naga sharpshooter
  3140 | D:4      | Noticed a naga warrior
  3140 | D:4      | Noticed a spriggan rider
  3141 | D:4      | Noticed a naga
  3355 | D:4      | Reached XP level 7. HP: 51/60 MP: 6/6
  3443 | D:4      | Found a burning altar of Makhleb.
  3456 | D:4      | Reached skill level 5 in Fighting
  3456 | D:4      | Reached skill level 6 in Long Blades
  3745 | D:5      | Entered Level 5 of the Dungeon
  4118 | D:5      | Reached skill level 7 in Long Blades
  4154 | D:5      | Identified the +6 scale mail "Gaastiuts" {rN+ Str+3}
  4841 | D:5      | Reached skill level 5 in Shields
  4841 | D:5      | Reached skill level 1 in Evocations
  4841 | D:5      | Reached XP level 8. HP: 47/69 MP: 7/7
  5098 | D:6      | Reached skill level 8 in Long Blades
  5101 | D:6      | Reached skill level 1 in Stealth
  5802 | D:6      | Reached skill level 9 in Long Blades
  6366 | D:7      | Found a staircase to the Ecumenical Temple.
  6385 | Temple   | Entered the Ecumenical Temple
  6477 | D:7      | Reached XP level 9. HP: 75/75 MP: 8/8
  6871 | D:7      | Reached skill level 10 in Long Blades
  6876 | D:7      | Slain by an ice beast

Illustrated notes

Levels and vault maps discovered:
D:1:      saegor_arrival_under_anarchy, layout_basic,
          ebering_ecumenical_altar_hall, minmay_statues_item,
          hangedman_decor_push, minmay_misc_feat_iff
D:2:      layout_loops_corners, minmay_domino_4
D:3:      layout_basic, pdpol_wu_jian_five_deadly_venoms, due_unseen_surprise,
          uniq_grinder
D:4:      layout_basic, demons_altar, grunt_ashenzari_visionary
          [grunt_ashenzari_visionary_swamp, grunt_ashenzari_visionary_snake]
D:5:      cheibrodos_thug_alley, layout_basic
D:6:      layout_rooms, nrook_mini_backslash, nrook_campfire
D:7:      layout_basic, nicolae_uskayaw_suspiria,
          minmay_temple_entry_statues_pillars, minmay_tree_intersection,
          kennysheep_generic_room_11
Temple:   nicolae_temple_no_exploring_needed

Skill      XL: |  1  2  3  4  5  6  7  8  9 |
---------------+----------------------------+-----
Fighting       | 4 5 6 |  6.7
Shields        | 4 5 6 |  6.0
Armour         | 4 5 6 7 8 |  8.3
Long Blades    | 3 4 5 7 9 10 | 10.1
Dodging        | 1 2 3 |  3.5
Evocations     | 1 |  1.0
Stealth        | 1 |  1.3

Action                     |  1- 3 |  4- 6 |  7- 9 || total
---------------------------+-------+-------+-------++-------
  Melee: Long sword        |    95 |    80 |   318 ||   493
         Headbutt          |    11 |     7 |    61 ||    79
  Evoke: Wand              |       |       |     4 ||     4
    Use: Potion            |     4 |       |       ||     4
         Scroll            |     1 |       |     4 ||     5
 Armour: Scale mail        |    80 |    40 |   254 ||   374
  Dodge: Dodged            |    45 |    45 |   160 ||   250
  Block: Buckler           |    24 |    23 |    66 ||   113
